 Dungeon Crawl Stone Soup version 0.21.1-1-g345015f (webtiles) character file.

44 tidbits the Chiller (level 3, -3/25 HPs)
             Began as a Gnoll Ice Elementalist on Mar 28, 2018.
             Killed from afar by Sigmund (8 damage)
             ... with a magic dart
             ... on level 2 of the Dungeon.
             The game lasted 00:04:07 (503 turns).

tidbits the Chiller (Gnoll Ice Elementalist)         Turns: 503, Time: 00:04:08

Health: -3/25      AC:  9    Str: 10    XL:     3   Next: 60%
Magic:  5/9        EV: 20    Int: 18    God:
Gold:   73         SH:  0    Dex: 20    Spells: 6/12 levels left

rFire    . . .     SeeInvis .   l - +0 trident
rCold    . . .     Gourm    .   (no shield)
rNeg     . . .     Faith    .   g - +0 robe
rPois    .         Spirit   .   (no helmet)
rElec    .         Reflect  .   (no cloak)
rCorr    .         Harm     .   (no gloves)
MR       .....                  F - +0 pair of boots
Stlth    ++++......             (no amulet)
HPRegen  0.08/turn              (no ring)
MPRegen  0.11/turn              (no ring)

@: agile, icy armour, slow
A: distributed training, fangs 1, strong nose
a: no special abilities


You were on level 2 of the Dungeon.
You were not hungry.

You visited 1 branch of the dungeon, and saw 2 of its levels.

You collected 73 gold pieces.

Inventory:

Hand Weapons
 a - a +0 whip
 l - a +0 trident (weapon)
Missiles
 d - 47 stones (quivered)
Armour
 f - a +0 buckler
 g - a +0 robe (worn)
 F - a +0 pair of boots (worn)
Scrolls
 e - 3 scrolls of teleportation {unknown}
 h - 2 scrolls of enchant armour {unknown}
 i - 2 scrolls of identify {unknown}
 k - 2 scrolls of random uselessness {unknown}
 n - a scroll of fear {unknown}
Books
 b - a book of Frost

   Spells                             Type                      Level
   a - Freeze                         Ice                          1
   b - Throw Frost                    Conjuration/Ice              2
   c - Ozocubu's Armour               Charms/Ice                   3
   d - Throw Icicle                   Conjuration/Ice              4
   e - Summon Ice Beast               Ice/Summoning                4
Comestibles
 c - 3 rations


   Skills:
 + Level 0.8 Fighting
 + Level 0.8 Short Blades
 + Level 0.8 Long Blades
 + Level 0.8 Axes
 + Level 0.8 Maces & Flails
 + Level 0.8 Polearms
 + Level 0.8 Staves
 + Level 0.8 Slings
 + Level 0.8 Bows
 + Level 0.8 Crossbows
 + Level 0.8 Throwing
 + Level 0.8 Armour
 + Level 4.5 Dodging
 + Level 4.1 Stealth
 + Level 0.8 Shields
 + Level 0.8 Unarmed Combat
 + Level 5.0 Spellcasting
 + Level 2.1 Conjurations
 + Level 0.5 Hexes
 + Level 0.5 Charms
 + Level 0.5 Summonings
 + Level 0.5 Necromancy
 + Level 0.5 Translocations
 + Level 0.5 Transmutations
 + Level 0.5 Fire Magic
 + Level 5.4 Ice Magic
 + Level 0.5 Air Magic
 + Level 0.5 Earth Magic
 + Level 0.5 Poison Magic
 + Level 1.0 Invocations
 + Level 0.8 Evocations


You had 6 spell levels left.
You knew the following spells:

 Your Spells              Type           Power        Failure   Level  Hunger
a - Freeze                Ice            ###.         1%          1    None
j - Throw Frost           Conj/Ice       ###...       4%          2    #......
o - Ozocubu's Armour      Chrm/Ice       ###.....     12%         3    ##.....


Dungeon Overview and Level Annotations

Branches:
Dungeon (2/15)

Altars:

Annotations:
D:2 Sigmund


Innate Abilities, Weirdness & Mutations

Your experience applies equally to all skills.
You have very sharp teeth.
Your uncanny sense of smell can sniff out nearby items.


Message History

Found 11 gold pieces and a ration.
You see here 11 gold pieces.
You now have 55 gold pieces (gained 11).
You see here a ration.
c - 3 rations (gained 1)
Found 25 stones.
You see here a scroll labeled NIHOSEGYXT.
h - 2 scrolls labeled NIHOSEGYXT (gained 1)
Found 13 gold pieces.
You see here 13 gold pieces.
You now have 68 gold pieces (gained 13).
You see here a glowing golden potion.
m - a glowing golden potion You see here 5 gold pieces.
You now have 73 gold pieces (gained 5).
Found a scroll labeled DANLUDWU JUAG.
Unknown command.
A bat comes into view.
Found a leather armour.
You see here a scroll labeled DANLUDWU JUAG.
n - a scroll labeled DANLUDWU JUAG The bat completely misses you.
Attack whom?
Press: ? - help, Dir - move target cursor, f - bat
Aim: a bat You reach to attack!
You closely miss the bat. The bat barely misses you.
Attack whom?
Press: ? - help, Dir - move target cursor, f/p - bat
Aim: a bat You reach to attack!
You hit the bat.
You kill the bat!
There is a stone staircase leading down here.
You climb downwards.
Level annotation: Sigmund
There is a stone staircase leading up here.
Unknown command.
Throwing (i - inventory. (,) - cycle):
j - 4 javelins (quivered)
Press: ? - help, Shift-Dir - straight line, f - Sigmund
Aim: Sigmund, wielding a scythe and wearing a robe You throw a javelin.
The javelin barely misses Sigmund.
Sigmund casts a spell at you. The puff of flame hits you!
Throwing (i - inventory. (,) - cycle):
j - 3 javelins (quivered)
Press: ? - help, Shift-Dir - straight line, f/p - Sigmund
Aim: Sigmund, wielding a scythe and wearing a robe You throw a javelin.
The javelin hits Sigmund.
Sigmund is lightly wounded.
Throwing (i - inventory. (,) - cycle):
j - 2 javelins (quivered)
Press: ? - help, Shift-Dir - straight line, f/p - Sigmund
Aim: Sigmund, wielding a scythe and wearing a robe (lightly wounded)
You throw a javelin. The javelin hits Sigmund!
Sigmund is heavily wounded.
Casting: Freeze
Confirm with . or Enter, or press ? or * to list all spells.
A film of ice covers your body!
Sigmund screams, "Don't try to resist!"
Throwing (i - inventory. (,) - cycle):
j - a javelin (quivered)
Press: ? - help, Shift-Dir - straight line, f/p - Sigmund
Aim: Sigmund, wielding a scythe and wearing a robe (heavily wounded)
You throw a javelin.
The javelin hits Sigmund but does no damage.
Sigmund is heavily wounded.
Sigmund hits you but does no damage.
Casting: Ozocubu's Armour
Confirm with . or Enter, or press ? or * to list all spells.
Aiming: Freeze
Press: ? - help, Shift-Dir - straight line, f/p - Sigmund
Aim: Sigmund, wielding a scythe and wearing a robe (heavily wounded)
You freeze Sigmund.
Sigmund is severely wounded.
Sigmund hits you with a scythe!
* * * LOW HITPOINT WARNING * * *
Casting: Freeze
Confirm with . or Enter, or press ? or * to list all spells.
Aiming: Freeze
Press: ? - help, Shift-Dir - straight line, f/p - Sigmund
Aim: Sigmund, wielding a scythe and wearing a robe (severely wounded)
You freeze Sigmund.
Sigmund is almost dead.
Sigmund casts a spell at you.
You are confused.
It was a potion of agility.
You feel agile all of a sudden. Sigmund hits you with a scythe.
* * * LOW HITPOINT WARNING * * *
Sigmund misses you.
There is a stone staircase leading up here.
You're too confused!
Unknown command.
You're too confused to attack without stumbling around!
You climb upwards.
There is a stone staircase leading down here.
Unknown command.
You feel less confused.
There is a stone staircase leading down here.
You climb downwards.
Level annotation: Sigmund Sigmund casts a spell at you.
The magic dart hits you!
You die...

.....#############...
#.>.(............'...
#......# #......#...
#...@..# #......#...
#......# #......#...
#...(..####......#...
#...'.........#...
#...#####.....#...
#@#.# #.....#...
#.#.# #.....####
#+#+# #.....# #######


You could see Sigmund.

Vanquished Creatures
  A gnoll (D:1)
  2 adders (D:2)
  A dart slug (D:1)
  A hobgoblin (D:1)
  6 jackals (D:1)
  3 bats
  A frilled lizard (D:1)
15 creatures vanquished.

Notes
Turn   | Place    | Note
-------+----------+-------------------------------------------
     0 | D:1      | tidbits the Gnoll Ice Elementalist began the quest for the Orb.
     0 | D:1      | Reached XP level 1. HP: 13/13 MP: 6/6
   103 | D:1      | Reached skill level 2 in Conjurations
   112 | D:1      | Reached XP level 2. HP: 17/20 MP: 4/7
   230 | D:1      | Learned a level 2 spell: Throw Frost
   308 | D:2      | Reached skill level 5 in Spellcasting
   308 | D:2      | Reached XP level 3. HP: 25/25 MP: 2/9
   313 | D:2      | Learned a level 3 spell: Ozocubu's Armour
   351 | D:2      | Noticed Sigmund
   360 | D:1      | Reached skill level 1 in Invocations
   503 | D:2      | Killed from afar by Sigmund

Skill      XL: |  1  2  3 |
---------------+----------+-----
Conjurations   | 2 |  2.1
Spellcasting   | 5 |  5.0
Invocations    | 1 |  1.0
Fighting       | |  0.8
Short Blades   | |  0.8
Long Blades    | |  0.8
Axes           | |  0.8
Maces & Flails | |  0.8
Polearms       | |  0.8
Staves         | |  0.8
Slings         | |  0.8
Bows           | |  0.8
Crossbows      | |  0.8
Throwing       | |  0.8
Armour         | |  0.8
Dodging        | |  4.5
Stealth        | |  4.1
Shields        | |  0.8
Unarmed Combat | |  0.8
Hexes          | |  0.5
Charms         | |  0.5
Summonings     | |  0.5
Necromancy     | |  0.5
Translocations | |  0.5
Transmutations | |  0.5
Fire Magic     | |  0.5
Ice Magic      | |  5.4
Air Magic      | |  0.5
Earth Magic    | |  0.5
Poison Magic   | |  0.5
Evocations     | |  0.8

Action                   || total
-------------------------++-------
Melee: Whip              ||     5
       Trident           ||     5
Throw: Javelin           ||     9
       Stone             ||     1
 Cast: Freeze            ||    12
       Throw Frost       ||     6
       Ozocubu's Armour  ||     1
  Use: Potion            ||     1
 Stab: Sleeping          ||     1
Armor: Robe              ||     3
Dodge: Dodged            ||    13

Table legend:
 A = Turns spent in this place as a percentage of turns spent in the entire game.
 B = Non-inter-level travel turns spent in this place as a percentage of non-inter-level travel turns spent in the entire game.
 C = Inter-level travel turns spent in this place as a percentage of turns spent in this place.
 D = Turns resting spent in this place as a percentage of non-inter-level travel turns spent in this place.
 E = Turns spent auto-exploring this place as a percentage of non-inter-level travel turns spent in this place.
 F = Non-inter-level travel turns spent in this place divided by the number of levels of this place that you've seen.
                   A       B       C       D       E      F
               +-------+-------+-------+-------+-------+----------------------
         Total | 100.0 | 100.0 |   0.0 |   0.0 |   0.0 | 251.5
       Dungeon | 100.0 | 100.0 |   0.0 |   0.0 |   0.0 | 251.5
               +-------+-------+-------+-------+-------+----------------------

Table legend:
 A = Kills in this place as a percentage of kills in entire the game.
 B = Kills by you in this place as a percentage of kills by you in the entire game.
 C = Kills by friends in this place as a percentage of kills by friends in the entire game.
 D = Other kills in this place as a percentage of other kills in the entire game.
 E = Experience gained in this place as a percentage of experience gained in the entire game.
 F = Experience gained in this place divided by the number of levels of this place that you have seen.
                   A       B       C       D       E      F
               +-------+-------+-------+-------+-------+----------------------
         Total | 100.0 | 100.0 |   N/A |   N/A | 100.0 |  31.5
       Dungeon | 100.0 | 100.0 |   N/A |   N/A | 100.0 |  31.5
               +-------+-------+-------+-------+-------+----------------------

Vault maps used:
D:1:      shiori_arrival_elements, minmay_tree_intersection
D:2:      uniq_sigmund
